 Dungeon Crawl Stone Soup version 0.27.1-15-g792fb953b9 (webtiles) character file.

Game seed: 4890858486509309370

52 unlimited1921 the Ducker (level 3, -2/36 HPs)
             Began as a Troll Fighter on Nov 18, 2021.
             Slain by a gnoll (8 damage)
             ... on level 2 of the Dungeon.
             The game lasted 00:06:11 (893 turns).

unlimited1921 the Ducker (Troll Fighter)             Turns: 893, Time: 00:06:12

Health: -2/36      AC:  4    Str: 25    XL:     3   Next: 60%
Magic:  2/2        EV:  4    Int:  4    God:
Gold:   33         SH:  0    Dex:  9    Spells: 2/2 levels left

rFire    . . .     SeeInvis .   a - +0 long sword
rCold    . . .     Faith    .   c - +0 kite shield
rNeg     . . .     Spirit   .   b - +0 robe
rPois    .         Reflect  .   (helmet restricted)
rElec    .         Harm     .   (no cloak)
rCorr    .         Rampage  .   (gloves unavailable)
Will     .....                  (boots unavailable)
Stlth    +.........             (no amulet)
HPRegen  1.12/turn              (no ring)
MPRegen  0.08/turn              (no ring)

@: held
A: large, unfitting armour, claws 3, regeneration 1, shaggy fur 1, tough skin 1
a: no special abilities


You were on level 2 of the Dungeon.
You visited 1 branch of the dungeon, and saw 2 of its levels.

You collected 33 gold pieces.

Inventory:

Hand Weapons
 a - a +0 long sword (weapon)
Missiles
 e - 17 poisoned darts (quivered)
Armour
 b - a +0 robe (worn)
 c - a +0 kite shield (worn)
Scrolls
 f - a scroll of teleportation {unknown}
 g - a scroll of enchant armour {unknown}
Potions
 d - 3 potions of might


   Skills:
 + Level 2.7 Fighting
 + Level 2.1 Long Blades
 + Level 3.0 Dodging
 + Level 2.7 Shields


You had 2 spell levels left.
You didn't know any spells.
Your spell library was empty.

Dungeon Overview and Level Annotations

Branches:
Dungeon (2/15)

Altars:


Innate Abilities, Weirdness & Mutations

You are too large for most types of armour.
You have claws for hands.
Your natural rate of healing is unusually fast.
You are covered in fur. (AC +1)
You have tough skin. (AC +1)


Message History

The dart slug launches a dart at you. The slug dart misses you.
The dart slug launches a dart at you. The slug dart hits you.
The gnoll completely misses you.
You hit the dart slug.
The dart slug is heavily wounded.
You block the gnoll's attack. The dart slug bites you.
You block the gnoll's attack.
You slash the dart slug!
You kill the dart slug!
The gnoll throws a throwing net.
The throwing net hits you.
You become entangled in the net!
The gnoll hits you from afar with a +0 spear!
You are held in a net!
You are held in a net!
You are held in a net!
You are held in a net!
You are held in a net!
The gnoll hits you but does no damage. x2
The gnoll hits you from afar with a +0 spear.
The gnoll hits you with a +0 whip.
The gnoll hits you from afar with a +0 spear.
The gnoll completely misses you.
The gnoll hits you from afar with a +0 spear.
The gnoll hits you with a +0 whip. The gnoll hits you but does no damage.
The gnoll barely misses you.
You struggle against the net.
The gnoll hits you from afar with a +0 spear.
The gnoll hits you with a +0 whip.
You struggle against the net.
The gnoll hits you from afar with a +0 spear!
* * * LOW HITPOINT WARNING * * *
The gnoll barely misses you.
You struggle against the net.
The gnoll barely misses you. x2
You struggle against the net.
The gnoll hits you from afar with a +0 spear.
* * * LOW HITPOINT WARNING * * *
The gnoll hits you with a +0 whip!
You die...

.(......# #)#.#......#
........###)))#......#
............)##.#....#
.........###....#.#'##
.........########.#...
...................#####
.#
.......#...............#
#.#
######.###########.###.#.
#.#
#..........@gg....#.###.#
#############g.#### ..#.#
#.........# ##.#.#
#.#######.## #....# #..#
#..g.### ##w## #.g#.#.#.
#..###w#.)gg..
##>g...##.##'# #######..#
.


You could see 3 gnolls.

Vanquished Creatures
  Robin (D:2)
  A dart slug (D:2)
  4 endoplasms
  A giant cockroach (D:1)
  12 goblins
  6 hobgoblins
  2 bats
  4 frilled lizards
  3 kobolds (D:1)
  2 rats (D:1)
36 creatures vanquished.

Notes
Turn   | Place    | Note
-------+----------+-------------------------------------------
     0 | D:1      | unlimited1921 the Troll Fighter began the quest for the
                  | Orb.
     0 | D:1      | Reached XP level 1. HP: 22/22 MP: 0/0
   277 | D:1      | Reached XP level 2. HP: 29/29 MP: 1/1
   604 | D:1      | Found a faded altar of an unknown god.
   744 | D:2      | Noticed Robin
   750 | D:2      | Reached XP level 3. HP: 25/36 MP: 2/2
   759 | D:2      | Killed Robin
   854 | D:2      | Reached skill level 3 in Dodging
   893 | D:2      | Slain by a gnoll

Illustrated notes

Levels and vault maps discovered:
D:1:      wander_arrival_chamber, layout_loops_cross,
          ebering_ecumenical_altar_hall, fountainhead, grunt_decor_clamped
D:2:      minmay_chambers_of_ones, layout_basic, minmay_misc_feat_doors,
          uniq_robin

Skill      XL: |  1  2  3 |
---------------+----------+-----
Long Blades    | 2 |  2.1
Dodging        | 3 |  3.0
Fighting       | |  2.7
Shields        | |  2.7

Action                   || total
-------------------------++-------
Melee: Long sword        ||    90
 Stab: Sleeping          ||     1
Armor: Robe              ||    44
Dodge: Dodged            ||    49
Block: Kite shield       ||    48
       Rpst.: Long sword ||    13
